TOP OF THE 1ST |
Havana Rollers batting - Pitching for Birmingham Barons : RHP Ken Gary
|
Pitching: RHP Ken Gary
|
|
Batting: RHB Paul Bailey
|
0-0: Called Strike 0-1: Swinging Strike 0-2: Fly out, F8 (Flyball, 8RS)
|
Batting: RHB Jack Bailey
|
0-0: Fly out, F8 (Line Drive, 8LM)
|
Batting: LHB Enrique Cortéz
|
0-0: Fly out, F9 (Flyball, 9)
|
Top of the 1st over - 0 run(s), 0 hit(s), 0 error(s), 0 left on base; Havana 0 - Birmingham 0 |
BOTTOM OF THE 1ST |
Birmingham Barons batting - Pitching for Havana Rollers : LHP Dave Miller
|
Pitching: LHP Dave Miller
|
|
Batting: RHB Warren Martin
|
0-0: Ball 1-0: Ball 2-0: Foul Ball, location: 2F 2-1: Ball 3-1: Foul Ball, location: 2F 3-2: SINGLE (Groundball, 6MD)
|
Batting: SHB Theron Harper
|
0-0: Ball 1-0: Ball 2-0: Ball 3-0: Called Strike 3-1: Base on Balls Warren Martin to second
|
Batting: RHB Yujiro Kurihara
|
0-0: Ball 1-0: Foul Ball, location: 2F 1-1: Grounds into double play, 6-4-3 (Groundball, 6) Warren Martin to third
|
Batting: RHB Todd Rogers
|
0-0: Foul Ball, location: 2F 0-1: Ball 1-1: Ball 2-1: SINGLE (Line Drive, 56D) Warren Martin scores
|
Batting: RHB Juan Jiménez
|
0-0: SINGLE (Line Drive, 7S) Todd Rogers to second
|
Batting: RHB Dave Dawson
|
0-0: Ball 1-0: SINGLE (Line Drive, 8RS) Todd Rogers to third Juan Jiménez to second Runner from 3rd tries for Home, SAFE, no throw
|
Batting: RHB Vicente Carona
|
0-0: Called Strike 0-1: Ball 1-1: Ball 2-1: Foul Ball, location: 2F 2-2: Ball 3-2: Foul Ball, location: 2F 3-2: Strikes out looking
|
Bottom of the 1st over - 2 run(s), 4 hit(s), 0 error(s), 2 left on base; Havana 0 - Birmingham 2 |
TOP OF THE 2ND |
Havana Rollers batting - Pitching for Birmingham Barons : RHP Ken Gary
|
Batting: SHB Chris Bennis
|
0-0: Ball 1-0: Swinging Strike 1-1: Ground out 5-3 (Groundball, 56)
|
Batting: RHB Soshu Nakamura
|
0-0: SINGLE (Groundball, 56D)
|
Batting: RHB Francisco Rincón
|
0-0: Ball 1-0: Called Strike 1-1: Ball 2-1: 2-RUN HOME RUN (Flyball, 7LD), Distance : 335 ft
|
Batting: LHB Dave Gordon
|
0-0: Ball 1-0: Foul Ball, location: 2F 1-1: Ball 2-1: Ball 3-1: Base on Balls
|
Batting: LHB José Torres
|
0-0: Ball 1-0: Called Strike 1-1: Swinging Strike 1-2: Ball 2-2: Strikes out swinging
|
Batting: RHB Chad Case
|
0-0: Ball 1-0: Ball 2-0: Swinging Strike 2-1: Swinging Strike 2-2: Strikes out swinging
|
Top of the 2nd over - 2 run(s), 2 hit(s), 0 error(s), 1 left on base; Havana 2 - Birmingham 2 |
BOTTOM OF THE 2ND |
Birmingham Barons batting - Pitching for Havana Rollers : LHP Dave Miller
|
Batting: RHB Peyton Yardley
|
0-0: Ball 1-0: SINGLE (Groundball, 56D)
|
Batting: RHB David Raymos
|
0-0: Swinging Strike Balk! Peyton Yardley to second 0-1: Called Strike 0-2: Foul Ball, location: 2F 0-2: Ball 1-2: Ball 2-2: Ground out 4-3 (Groundball, 4S) Peyton Yardley to third
|
Batting: RHB Warren Martin
|
0-0: Called Strike 0-1: Ball 1-1: Foul Ball, location: 2F 1-2: SINGLE (Line Drive, 6M) Peyton Yardley scores
|
Batting: SHB Theron Harper
|
0-0: Ball 1-0: Foul Ball, location: 2F 1-1: Ball 2-1: Called Strike 2-2: Ground out 5-3 (Groundball, 56) Warren Martin to second
|
Batting: RHB Yujiro Kurihara
|
0-0: Called Strike 0-1: Ball 1-1: Foul Ball, location: 2F 1-2: Foul Ball, location: 2F 1-2: Ball 2-2: Fly out, F9 (Flyball, 89M)
|
Bottom of the 2nd over - 1 run(s), 2 hit(s), 0 error(s), 1 left on base; Havana 2 - Birmingham 3 |
TOP OF THE 3RD |
Havana Rollers batting - Pitching for Birmingham Barons : RHP Ken Gary
|
Batting: RHB Paul Bailey
|
0-0: Ground out 1-3 (Groundball, 15S)
|
Batting: RHB Jack Bailey
|
0-0: Foul Ball, location: 2F 0-1: Ground out 1-3 (Groundball, P)
|
Batting: LHB Enrique Cortéz
|
0-0: Called Strike 0-1: Ball 1-1: Ball 2-1: Swinging Strike 2-2: Fly out, F7 (Line Drive, 7)
|
Top of the 3rd over - 0 run(s), 0 hit(s), 0 error(s), 0 left on base; Havana 2 - Birmingham 3 |
BOTTOM OF THE 3RD |
Birmingham Barons batting - Pitching for Havana Rollers : LHP Dave Miller
|
Batting: RHB Todd Rogers
|
0-0: Ball 1-0: SOLO HOME RUN (Flyball, 78XD), Distance : 395 ft
|
Batting: RHB Juan Jiménez
|
0-0: SINGLE (Flyball, 89S)
|
Batting: RHB Dave Dawson
|
0-0: Swinging Strike 0-1: Ball 1-1: Ball 2-1: Grounds into double play, 4-6-3 (Groundball, 4)
|
Batting: RHB Vicente Carona
|
0-0: Foul Ball, location: 2F 0-1: Called Strike 0-2: Foul Ball, location: 2F 0-2: Ball 1-2: Ball 2-2: Foul Ball, location: 2F 2-2: Ground out 4-3 (Groundball, 4)
|
Bottom of the 3rd over - 1 run(s), 2 hit(s), 0 error(s), 0 left on base; Havana 2 - Birmingham 4 |
TOP OF THE 4TH |
Havana Rollers batting - Pitching for Birmingham Barons : RHP Ken Gary
|
Batting: SHB Chris Bennis
|
0-0: Ball 1-0: Foul Ball, location: 2F 1-1: Ground out 6-3 (Groundball, 6M)
|
Batting: RHB Soshu Nakamura
|
0-0: Ball 1-0: Called Strike 1-1: TRIPLE (Line Drive, 78D)
|
Batting: RHB Francisco Rincón
|
0-0: Called Strike 0-1: Foul Ball, location: 2F 0-2: Foul Ball, location: 2F 0-2: Ball 1-2: Strikes out looking
|
Batting: LHB Dave Gordon
|
0-0: Ball 1-0: SINGLE (Groundball, 34D) Soshu Nakamura scores
|
Batting: LHB José Torres
|
0-0: Foul Ball, location: 2F 0-1: Foul Ball, location: 2F 0-2: Ball 1-2: Strikes out looking
|
Top of the 4th over - 1 run(s), 2 hit(s), 0 error(s), 1 left on base; Havana 3 - Birmingham 4 |
BOTTOM OF THE 4TH |
Birmingham Barons batting - Pitching for Havana Rollers : LHP Dave Miller
|
Batting: RHB Peyton Yardley
|
0-0: Ball 1-0: Called Strike 1-1: Ball 2-1: Fly out, F9 (Flyball, 9LMF)
|
Batting: RHB David Raymos
|
0-0: Ball 1-0: Foul Ball, location: 2F 1-1: Ball 2-1: Ball 3-1: Foul Ball, location: 2F 3-2: Ground out 5-3 (Groundball, 56)
|
Batting: RHB Warren Martin
|
0-0: Ball 1-0: Ball 2-0: Called Strike 2-1: SINGLE (Line Drive, 4MD)
|
Batting: SHB Theron Harper
|
0-0: Ball 1-0: Swinging Strike 1-1: Ball 2-1: Fly out, F9 (Flyball, 89S)
|
Bottom of the 4th over - 0 run(s), 1 hit(s), 0 error(s), 1 left on base; Havana 3 - Birmingham 4 |
TOP OF THE 5TH |
Havana Rollers batting - Pitching for Birmingham Barons : RHP Ken Gary
|
Batting: RHB Chad Case
|
0-0: Ball 1-0: Swinging Strike 1-1: Foul Ball, location: 2F 1-2: Fly out, F3 (Line Drive, 3L)
|
Batting: RHB Paul Bailey
|
0-0: Called Strike 0-1: Foul Ball, location: 2F 0-2: Foul Ball, location: 2F 0-2: Foul Ball, location: 2F 0-2: Foul Ball, location: 2F 0-2: Ball 1-2: Ball 2-2: Foul Ball, location: 2F 2-2: Strikes out swinging
|
Batting: RHB Jack Bailey
|
0-0: Called Strike 0-1: Foul Ball, location: 2F 0-2: Ball 1-2: Fly out, F8 (Line Drive, 8LD)
|
Top of the 5th over - 0 run(s), 0 hit(s), 0 error(s), 0 left on base; Havana 3 - Birmingham 4 |
BOTTOM OF THE 5TH |
Birmingham Barons batting - Pitching for Havana Rollers : LHP Dave Miller
|
Pitching: LHP Mike Doss
|
|
Batting: RHB Yujiro Kurihara
|
0-0: Ball 1-0: Ball 2-0: Called Strike 2-1: Foul Ball, location: 2F 2-2: Foul Ball, location: 2F 2-2: Ground out 6-3 (Groundball, 6)
|
Batting: RHB Todd Rogers
|
0-0: Ground out U3 (Groundball, 34)
|
Batting: RHB Juan Jiménez
|
0-0: Called Strike 0-1: Foul Ball, location: 2F 0-2: Strikes out looking
|
Bottom of the 5th over - 0 run(s), 0 hit(s), 0 error(s), 0 left on base; Havana 3 - Birmingham 4 |
TOP OF THE 6TH |
Havana Rollers batting - Pitching for Birmingham Barons : RHP Ken Gary
|
Batting: LHB Enrique Cortéz
|
0-0: Ball 1-0: Called Strike 1-1: Called Strike 1-2: Ball 2-2: Fly out, F6 (Popup, 6D)
|
Batting: SHB Chris Bennis
|
0-0: Ball 1-0: Fly out, F6 (Line Drive, 6)
|
Batting: RHB Soshu Nakamura
|
0-0: TRIPLE (Flyball, 89XD)
|
Batting: RHB Francisco Rincón
|
0-0: Foul Ball, location: 2F 0-1: Called Strike 0-2: Strikes out swinging
|
Top of the 6th over - 0 run(s), 1 hit(s), 0 error(s), 1 left on base; Havana 3 - Birmingham 4 |
BOTTOM OF THE 6TH |
Birmingham Barons batting - Pitching for Havana Rollers : LHP Mike Doss
|
Batting: RHB Dave Dawson
|
0-0: Fly out, F8 (Flyball, 8RM)
|
Batting: RHB Vicente Carona
|
0-0: Ball 1-0: Ground out 5-3 (Groundball, 56S)
|
Batting: RHB Peyton Yardley
|
0-0: Foul Ball, location: 2F 0-1: Ground out 5-3 (Groundball, 56)
|
Bottom of the 6th over - 0 run(s), 0 hit(s), 0 error(s), 0 left on base; Havana 3 - Birmingham 4 |
TOP OF THE 7TH |
Havana Rollers batting - Pitching for Birmingham Barons : RHP Ken Gary
|
Batting: LHB Dave Gordon
|
0-0: Ball 1-0: Ground out 4-3 (Groundball, 4)
|
Batting: LHB José Torres
|
0-0: Foul Ball, location: 2F 0-1: Swinging Strike 0-2: Ball 1-2: Ball 2-2: Ground out 4-3 (Groundball, 4)
|
Batting: RHB Chad Case
|
0-0: Ball 1-0: Called Strike 1-1: SINGLE (Flyball, 8RS)
|
Batting: RHB Paul Bailey
|
0-0: Ball Chad Case steals 2nd base 1-0: Ball 2-0: Ground out 4-3 (Groundball, 4)
|
Top of the 7th over - 0 run(s), 1 hit(s), 0 error(s), 1 left on base; Havana 3 - Birmingham 4 |
BOTTOM OF THE 7TH |
Birmingham Barons batting - Pitching for Havana Rollers : LHP Mike Doss
|
Batting: RHB David Raymos
|
0-0: Called Strike 0-1: Called Strike 0-2: Ball 1-2: Strikes out swinging
|
Batting: RHB Warren Martin
|
0-0: SINGLE (Line Drive, 3)
|
Batting: SHB Theron Harper
|
0-0: Ball 1-0: Called Strike 1-1: Ball 2-1: Foul Ball, location: 2F 2-2: Foul Ball, location: 2F 2-2: Ball 3-2: Foul Ball, location: 2F 3-2: Grounds into double play, 6-4-3 (Groundball, 6)
|
Bottom of the 7th over - 0 run(s), 1 hit(s), 0 error(s), 0 left on base; Havana 3 - Birmingham 4 |
TOP OF THE 8TH |
Havana Rollers batting - Pitching for Birmingham Barons : RHP Ken Gary
|
Now in CF: Dave Roberts
|
|
Batting: RHB Jack Bailey
|
0-0: Ball 1-0: Ball 2-0: Reached on error, E5 (Groundball, 56)
|
Batting: LHB Enrique Cortéz
|
0-0: Ball 1-0: Ground out 4-3 (Groundball, 4) Jack Bailey to third
|
Batting: SHB Chris Bennis
|
0-0: 2-RUN HOME RUN (Flyball, 78XD), Distance : 387 ft
|
Pitching: RHP Jim Hicks
|
|
Batting: RHB Soshu Nakamura
|
0-0: Called Strike 0-1: Swinging Strike 0-2: Strikes out swinging
|
Batting: RHB Francisco Rincón
|
0-0: Foul Ball, location: 2F 0-1: Called Strike 0-2: Strikes out looking
|
Top of the 8th over - 2 run(s), 1 hit(s), 1 error(s), 0 left on base; Havana 5 - Birmingham 4 |
BOTTOM OF THE 8TH |
Birmingham Barons batting - Pitching for Havana Rollers : LHP Mike Doss
|
Pitching: RHP Kei Hashimoto
|
|
Now at 1B: Zhi-huan Loong
|
|
Batting: RHB Yujiro Kurihara
|
0-0: Foul Ball, location: 2F 0-1: Swinging Strike 0-2: Ball 1-2: Strikes out swinging
|
Pitching: RHP Augusto Muñíz
|
|
Batting: RHB Todd Rogers
|
0-0: Ball 1-0: Ball 2-0: Foul Ball, location: 2F 2-1: Swinging Strike 2-2: Ball 3-2: Ground out 5-3 (Groundball, 56S)
|
Batting: RHB Juan Jiménez
|
0-0: Called Strike 0-1: Ground out 6-3 (Groundball, 6S)
|
Bottom of the 8th over - 0 run(s), 0 hit(s), 0 error(s), 0 left on base; Havana 5 - Birmingham 4 |
TOP OF THE 9TH |
Havana Rollers batting - Pitching for Birmingham Barons : RHP Jim Hicks
|
Batting: LHB Dave Gordon
|
0-0: Swinging Strike 0-1: Ball 1-1: Ground out U3 (Groundball, 34)
|
Batting: LHB José Torres
|
0-0: Called Strike 0-1: Foul Ball, location: 2F 0-2: Strikes out looking
|
Batting: RHB Chad Case
|
0-0: Called Strike 0-1: Foul Ball, location: 2F 0-2: Fly out, F6 (Line Drive, 6)
|
Top of the 9th over - 0 run(s), 0 hit(s), 0 error(s), 0 left on base; Havana 5 - Birmingham 4 |
BOTTOM OF THE 9TH |
Birmingham Barons batting - Pitching for Havana Rollers : RHP Augusto Muñíz
|
Pitching: RHP Pablo Sifventes
|
|
Pinch Hitting: LHB Marc May
|
0-0: Ball 1-0: Called Strike 1-1: Fly out, F8 (Flyball, 78M)
|
Batting: RHB Vicente Carona
|
0-0: SINGLE (Groundball, 6MD)
|
Pinch Runner at 1st Anastasio Ortíz:
|
|
Pinch Hitting: LHB Curt Walker
|
0-0: Called Strike 0-1: Ball 1-1: Ball 2-1: Ball 3-1: Fly out, F8 (Flyball, 8LM)
|
Pinch Hitting: LHB Lee Reeves
|
0-0: Ball 1-0: Swinging Strike 1-1: Ball 2-1: SINGLE (Groundball, 34D) Anastasio Ortíz to second Runner from 2nd tries for 3rd, SAFE, throw made to third
|
Pinch Hitting: SHB Terry O'Farrell
|
0-0: Called Strike 0-1: Ball 1-1: Called Strike 1-2: Foul Ball, location: 2F 1-2: Ball 2-2: Ball 3-2: Ground out 1-3 (Groundball, 13S)
|
Bottom of the 9th over - 0 run(s), 2 hit(s), 0 error(s), 2 left on base; Havana 5 - Birmingham 4 |
|